Map: Frost LE

Players

Florencio - Winner!

  • Race: Protoss Protoss
  • League: Diamond

Nsync

  • Race: Terran Terran
  • League: Platinum

VOD

Have the link to the VOD?

Description

Time

  • Played on: Aug. 15, 2016, 9:28 p.m.
  • Length: 25:20
Show
View Real Time Build Order
Export as new Build Order

Florencio Protoss - Winner!

Build Orders: 1 Gate Expand 

Get SALT Encoding   

  12  0:01  Probe (Chrono Boost)  
  13  0:11  Probe (Chrono Boost)  
  14  0:22  Probe (Chrono Boost)  
  14  0:27  Pylon  
  15  0:45  Probe (Chrono Boost)  
  15  0:49  Gateway  
  16  0:53  Assimilator  
  16  0:56  Probe (Chrono Boost)  
  17  0:58  Assimilator  
  17  1:06  Probe (Chrono Boost)  
  18  1:17  Probe (Chrono Boost)  
  19  1:27  Probe (Chrono Boost)  
  21  1:44  Nexus  
  20  1:49  Cybernetics Core  
  20  1:53  Probe (Chrono Boost)  
  21  2:04  Probe (Chrono Boost)  
  22  2:14  Probe (Chrono Boost)  
  22  2:15  Pylon  
  23  2:31  Warp Gate  
  23  2:33  Adept, Mothership Core (Chrono Boost)  
  27  2:45  Robotics Facility  
  27  2:52  Probe (Chrono Boost)  
  27  2:58  Probe (Chrono Boost)  
  29  3:01  Adept  
  29  3:02  Probe (Chrono Boost)  
  32  3:09  Probe (Chrono Boost)  
  32  3:10  Pylon  
  31  3:58  Adept  
  31  4:00  Robotics Bay  
  33  4:03  Robotics Facility  
  33  4:07  Immortal  
  35  4:14  Pylon  
  35  4:29  Forge  
  35  4:38  Pylon  
  35  4:51  Probe x2 (Chrono Boost)  
  37  4:53  Disruptor  
  37  4:54  Disruptor  
  43  5:03  Probe (Chrono Boost)  
  43  5:04  Probe (Chrono Boost)  
  45  5:11  Gravitic Drive  
  45  5:13  Probe (Chrono Boost)  
  46  5:29  Photon Cannon  
  46  5:31  Photon Cannon  
  46  5:39  Warp Prism  
  46  5:41  Warp Prism  
  50  5:45  Probe (Chrono Boost)  
  50  5:48  Probe (Chrono Boost)  
  52  5:56  Probe (Chrono Boost)  
  51  6:07  Mothership Core (Chrono Boost)  
  51  6:08  Probe (Chrono Boost)  
  51  6:10  Assimilator  
  54  6:13  Assimilator  
  54  6:18  Probe (Chrono Boost)  
  54  6:25  Probe (Chrono Boost)  
  56  6:29  Probe (Chrono Boost)  
  57  6:35  Probe (Chrono Boost)  
  59  6:40  Probe (Chrono Boost)  
  59  6:46  Probe (Chrono Boost)  
  46  7:00  Colossus x2  
  55  7:06  Pylon  
  55  7:10  Pylon  
  53  7:24  Pylon  
  53  7:26  Pylon  
  47  8:00  Immortal  
  38  8:45  Probe (Chrono Boost)  
  39  8:53  Pylon  
  39  8:56  Probe (Chrono Boost)  
  39  8:58  Photon Cannon  
  40  9:03  Photon Cannon  
  40  9:04  Photon Cannon  
  40  9:05  Photon Cannon  
  40  9:07  Photon Cannon, Probe (Chrono Boost)  
  40  9:08  Photon Cannon  
  41  9:10  Photon Cannon  
  41  9:17  Probe (Chrono Boost)  
  41  9:21  Pylon  
  42  9:27  Warp Prism  
  42  9:28  Probe (Chrono Boost)  
  45  9:36  Pylon  
  45  9:39  Photon Cannon  
  45  9:41  Photon Cannon  
  45  9:43  Pylon  
  45  9:54  Probe (Chrono Boost)  
  45  9:58  Stargate  
  46  10:01  Stargate  
  46  10:04  Assimilator  
  46  10:05  Probe (Chrono Boost)  
  47  10:26  Pylon  
  47  10:31  Observer  
  47  10:33  Mothership Core (Chrono Boost)  
  50  10:47  Photon Cannon  
  50  10:49  Photon Cannon  
  50  10:50  Photon Cannon  
  50  10:53  Pylon  
  43  10:58  Photon Cannon  
  43  10:59  Photon Cannon  
  43  11:00  Photon Cannon  
  43  11:01  Photon Cannon  
  43  11:03  Pylon  
  43  11:06  Photon Cannon  
  43  11:07  Pylon  
  43  11:12  Photon Cannon  
  41  11:31  Photon Cannon  
  39  11:33  Photon Cannon  
  37  11:46  Photon Cannon  
  33  12:12  Void Ray x2  
  35  12:18  Probe (Chrono Boost)  
  35  12:22  Probe (Chrono Boost)  
  33  12:39  Probe (Chrono Boost)  
  34  12:54  Void Ray  
  38  13:14  Probe (Chrono Boost)  
  38  13:19  Probe (Chrono Boost)  
  43  13:29  Probe (Chrono Boost)  
  43  13:32  Void Ray  
  44  14:04  Photon Cannon  
  44  14:05  Photon Cannon  
  44  14:06  Pylon  
  44  14:32  Void Ray  
  44  14:34  Void Ray  
  52  14:39  Probe (Chrono Boost)  
  52  14:43  Probe (Chrono Boost)  
  54  15:18  Void Ray x2  
  62  15:23  Probe (Chrono Boost)  
  63  15:34  Probe (Chrono Boost)  
  64  15:36  Probe (Chrono Boost)  
  64  15:52  Adept  
  64  15:55  Probe (Chrono Boost)  
  67  16:12  Nexus  
  67  16:13  Pylon  
  67  16:15  Probe (Chrono Boost)  
  68  16:29  Adept  
  56  17:02  Void Ray x2  
  56  17:04  Mothership Core (Chrono Boost)  
  66  17:41  Probe (Chrono Boost)  
  67  17:44  Void Ray x2  
  75  17:52  Probe (Chrono Boost)  
  75  17:54  Assimilator  
  75  17:56  Adept  
  78  18:02  Probe (Chrono Boost)  
  73  18:13  Probe (Chrono Boost)  
  73  18:18  Assimilator  
  72  18:24  Probe (Chrono Boost)  
  73  18:27  Void Ray  
  78  18:34  Probe (Chrono Boost)  
  78  18:39  Photon Cannon  
  78  18:41  Photon Cannon  
  78  18:44  Photon Cannon  
  78  18:46  Pylon  
  78  18:49  Photon Cannon  
  78  19:06  Probe (Chrono Boost)  
  79  19:11  Void Ray  
  79  19:16  Probe (Chrono Boost)  
  56  19:51  Void Ray  
  52  19:54  Void Ray  
  52  19:55  Immortal  
  58  20:00  Mothership Core (Chrono Boost)  
  60  20:12  Adept  
  62  20:35  Gateway  
  62  20:36  Adept, Gateway, Pylon  
  62  20:39  Void Ray  
  68  20:51  Pylon  
  68  21:02  Pylon  
  68  21:04  Adept  
  70  21:42  Void Ray  
  70  21:47  Void Ray  
  78  21:57  Adept  
  78  21:58  Adept x2  
  84  22:13  Nexus  
  84  22:19  Pylon  
  84  22:21  Adept x3  
  90  22:26  Probe (Chrono Boost)  
  91  22:37  Probe (Chrono Boost)  
  92  22:40  Pylon  
  92  22:46  Adept  
  92  22:47  Adept x2, Probe (Chrono Boost)  
  99  23:07  Adept x3  
  105  23:14  Void Ray  
  105  23:20  Void Ray  
  101  23:45  Photon Cannon  
  101  23:47  Photon Cannon  
  101  23:53  Probe (Chrono Boost)  
  102  23:59  Adept  
  104  24:04  Probe (Chrono Boost)  
  104  24:09  Assimilator  
  105  24:12  Assimilator  
  105  24:14  Probe (Chrono Boost)  
  105  24:16  Adept  
  108  24:17  Adept  
  108  24:25  Probe (Chrono Boost)  
Show
View Real Time Build Order
Export as new Build Order

Nsync Terran 

Build Orders: Reaper Expand 

Get SALT Encoding   

  12  0:00  SCV  
  13  0:13  SCV  
  14  0:20  Supply Depot  
  14  0:25  SCV  
  15  0:35  Refinery  
  15  0:41  SCV  
  16  0:46  Barracks  
  16  0:53  SCV  
  17  1:05  SCV  
  18  1:17  SCV  
  19  1:33  Orbital Command  
  19  1:34  Reaper  
  19  1:36  Supply Depot  
  20  1:55  Command Center  
  20  1:59  SCV  
  21  2:09  Factory  
  21  2:14  SCV  
  22  2:23  Barracks Reactor  
  22  2:27  SCV  
  23  2:39  SCV  
  24  2:51  SCV  
  25  2:52  Widow Mine  
  27  3:00  Marine x2  
  27  3:03  SCV  
  30  3:15  SCV  
  31  3:27  SCV  
  30  3:40  Orbital Command  
  29  3:42  Widow Mine, Marine x2  
  33  3:55  SCV  
  33  3:59  Marine x2  
  33  4:12  SCV  
  33  4:16  SCV, Starport  
  35  4:22  Barracks x2  
  35  4:24  SCV  
  35  4:29  SCV  
  37  4:34  Widow Mine, Marine x2  
  41  4:44  SCV  
  42  4:48  Engineering Bay  
  42  4:52  Marine x2  
  44  4:57  SCV  
  45  5:05  Supply Depot  
  45  5:10  SCV  
  46  5:26  Widow Mine  
  46  5:27  Marine x2  
  50  5:28  Supply Depot  
  50  5:29  Barracks, Medivac  
  50  5:31  Barracks  
  52  5:37  Terran Infantry Weapons Level 1, Missile Turret x3  
  52  5:38  SCV  
  52  5:42  Missile Turret x2  
  53  5:50  Supply Depot  
  47  6:06  Marine  
  47  6:07  Marine x2  
  47  6:09  Factory Tech Lab, Medivac  
  47  6:10  SCV  
  54  6:18  SCV  
  54  6:22  SCV  
  54  6:24  Marine x3  
  54  6:25  Marine x3  
  60  6:29  Supply Depot  
  60  6:30  SCV, Supply Depot  
  62  6:33  Command Center  
  62  6:42  SCV  
  58  6:58  SCV  
  58  7:00  Liberator  
  57  7:15  Marine x3  
  58  7:16  Siege Tank  
  63  7:27  Marine x2  
  55  7:56  Orbital Command  
  53  7:59  Missile Turret  
  50  8:25  SCV  
  47  8:37  SCV  
  46  8:49  SCV  
  46  8:52  Command Center  
  46  9:02  SCV  
  47  9:05  Marine x3  
  47  9:06  Marine  
  51  9:15  Siege Tank  
  54  9:23  Marine x4  
  53  9:41  Marine  
  49  9:48  SCV  
  50  9:54  SCV  
  50  9:56  Refinery  
  51  10:00  SCV  
  51  10:01  Refinery  
  51  10:02  Barracks Tech Lab, Barracks Reactor  
  51  10:04  Marine  
  51  10:05  Marine  
  53  10:35  Supply Depot  
  53  10:45  Marine  
  53  10:46  Marine x2  
  53  10:48  SCV  
  52  10:50  Viking  
  52  10:55  Orbital Command  
  46  10:57  Supply Depot  
  46  11:00  SCV  
  46  11:03  Marine  
  46  11:04  Marine  
  48  11:05  Marine x3  
  51  11:12  SCV  
  52  11:20  Viking  
  52  11:21  Marine x2  
  52  11:22  Marine  
  52  11:23  Marine x2  
  52  11:24  SCV  
  57  11:36  SCV  
  57  11:39  Marine x2  
  57  11:40  Marine x2  
  55  11:56  Marine  
  54  12:17  SCV x2  
  46  12:29  SCV x2  
  43  12:35  Siege Tank  
  46  12:43  SCV  
  47  12:52  Marine x2  
  47  12:54  SCV  
  49  12:59  SCV  
  49  13:00  Barracks  
  49  13:01  Barracks  
  49  13:02  Barracks  
  50  13:06  SCV  
  50  13:10  Marine  
  50  13:11  SCV  
  53  13:16  Siege Tank  
  53  13:17  Barracks Tech Lab  
  53  13:18  SCV  
  57  13:27  Marine  
  57  13:32  SCV  
  59  13:38  Terran Infantry Armor Level 1  
  59  13:39  Barracks, Supply Depot  
  59  13:44  SCV  
  59  13:45  Marine  
  59  13:48  Cyclone  
  49  14:03  Marine  
  49  14:15  Starport  
  47  14:21  Marine  
  43  14:27  Marine  
  43  14:28  Marauder, Marine  
  43  14:29  Orbital Command  
  47  14:32  SCV  
  47  14:36  Refinery  
  48  14:41  Command Center  
  48  14:44  SCV  
  49  15:02  Missile Turret  
  49  15:06  Marine x2  
  51  15:09  Viking x2  
  55  15:16  SCV x2  
  57  15:22  Missile Turret  
  57  15:23  Marine  
  58  15:28  SCV x2  
  60  15:35  Supply Depot  
  60  15:39  Viking  
  62  15:49  Refinery  
  62  15:50  Missile Turret  
  62  15:52  SCV x2  
  62  15:56  Missile Turret  
  64  15:59  Supply Depot  
  64  16:02  Orbital Command  
  64  16:04  SCV x2  
  64  16:09  Missile Turret  
  64  16:11  Viking  
  68  16:13  Missile Turret  
  68  16:16  SCV x2  
  70  16:24  Marine  
  70  16:25  Marine x2  
  72  16:28  SCV x2  
  72  16:29  Armory  
  70  16:42  Marine x2  
  70  16:43  Marine  
  37  16:56  Viking x2  
  37  17:00  Marine x2  
  38  17:01  Marine  
  38  17:05  SCV  
  36  17:18  Marine, SCV  
  36  17:19  Marine  
  38  17:30  SCV  
  39  17:38  SCV  
  39  17:39  Marine x2  
  39  17:42  SCV  
  43  17:50  SCV  
  44  17:54  SCV  
  44  17:55  Viking x2  
  44  17:56  Marine  
  44  17:57  Marine  
  44  17:58  Stimpack  
  51  18:06  SCV  
  51  18:18  SCV  
  49  18:21  Command Center  
  49  18:22  Marine  
  49  18:23  Marine  
  51  18:30  SCV  
  52  18:40  Marine  
  53  18:47  Viking  
  53  18:48  Viking  
  49  18:57  Marine  
  49  18:58  Marine  
  50  19:06  Missile Turret  
  50  19:10  Missile Turret  
  50  19:15  Marine  
  36  19:36  Marine x2  
  25  19:54  Marine x2  
  26  20:12  Marine x2  
  28  20:19  Medivac  
  30  20:28  Orbital Command  
  30  20:29  Marine  
  30  20:30  Marine  
  32  20:44  SCV x2  
  32  20:47  Marine  
  32  20:48  Marauder  
  37  20:56  SCV  
  37  20:57  SCV  
  39  21:05  Marine  
  39  21:09  SCV  
  38  21:13  Viking x2  
  39  21:26  Marine x2  
  39  21:32  Missile Turret  
  40  21:44  Marine  
  39  21:52  Missile Turret  
  39  21:54  SCV  
  40  22:03  Marine x2  
  40  22:07  Barracks  
  43  22:10  Barracks, Orbital Command  
  42  22:21  Marine x2  
  44  22:39  Marine  
  45  22:46  SCV  
  45  22:49  SCV  
  47  22:58  SCV  
  47  22:59  Marine  
  47  23:00  Marine x3  
  47  23:02  SCV  
  47  23:04  Missile Turret  
  53  23:10  SCV  
  54  23:17  Marine  
  55  23:25  Missile Turret  
  43  23:36  SCV  
  43  23:39  Marine x3  
  47  23:45  SCV  
  47  23:48  SCV  
  48  23:56  Factory  
  48  23:57  SCV, Marine  
  48  24:00  SCV  
  48  24:01  Refinery  
  51  24:09  SCV  
  52  24:10  Marine x3  
  52  24:14  Marine  
  56  24:20  SCV  
  57  24:29  Marauder, Marine  
  40  24:47  Marine  
  40  24:49  Marine  
  42  24:59  Starport  
Tags
 
Add a new tag
Caveats
  • Supply blocks, unpowered buildings, or Contaminate may cause inaccurate times.
  • Supply counts are checked every 10 seconds.